 Dungeon Crawl Stone Soup version 0.29.0-4-gdea44cf6ec (webtiles) character file.

Game seed: 2790258469493335843

158 qw the Chopper (level 5, -11/30 HPs)
             Began as a Tengu Warper on Aug 28, 2022.
             Killed by divine providence
             ... invoked by an orc priest
              (17 damage)
             ... on level 3 of the Dungeon.
             The game lasted 00:00:12 (1958 turns).

qw the Chopper (Tengu Warper)                       Turns: 1958, Time: 00:00:13

Health: -11/30     AC:  8    Str: 13    XL:     5   Next: 40%
Magic:  9/9        EV: 15    Int: 13    God:
Gold:   138        SH:  0    Dex: 14    Spells: 8/8 levels left

rFire   . . .      SeeInvis .   Y - +0 hand axe
rCold   . . .      Faith    .   (no shield)
rNeg    . . .      Spirit   .   c - +0 scale mail
rPois   +          Reflect  .   b - +2 hat
rElec   .          Harm     .   (no cloak)
rCorr   .          Rampage  .   (no gloves)
Will    .....                   (boots unavailable)
Stlth   ..........              (no amulet)
HPRegen 0.10/turn               e - ring of poison resistance
MPRegen 0.11/turn               f - +4 ring of evasion

@: flying quickly and evasively, quick
A: beak, talons 3, nimble flight
a: no special abilities


You were on level 3 of the Dungeon.
You visited 1 branch of the dungeon, and saw 3 of its levels.

You collected 138 gold pieces.


Innate Abilities, Weirdness & Mutations

You have a beak for a mouth.
You have claws for feet.
Your magical nature lets you fly swiftly and evasively.


   Skills:
 - Level 2.0 Fighting
 + Level 6.0 Axes
 - Level 1.0 Throwing
 - Level 1.1 Armour
 - Level 2.1 Dodging
 - Level 2.0 Spellcasting
 - Level 2.4 Translocations


You had 8 spell levels left.
You didn't know any spells.
Your spell library contained the following spells:

 Spells                   Type           Power      Damage    Failure   Level
 Blink                    Tloc           14%        N/A       56%         2
 Gell's Gravitas          Tloc           7%         N/A       80%         3
 Lesser Beckoning         Tloc           7%         N/A       80%         3
 Teleport Other           Tloc           7%         N/A       80%         3
 Manifold Assault         Tloc           7%         N/A       100%        5

Inventory:

Hand Weapons
 d - a +2 mace of protection
 Y - a +0 hand axe (weapon)
Armour
 b - a +2 hat (worn)
 c - a +0 scale mail (worn)
Jewellery
 e - a ring of poison resistance (left hand)
 f - a +4 ring of evasion (right hand)
Scrolls
 a - a scroll of identify
 g - a scroll of silence {unknown}
Potions
 i - a potion of attraction {unknown}
 k - 2 potions of cancellation {unknown}
 m - a potion of heal wounds {unknown}
 n - a potion of resistance

Dungeon Overview and Level Annotations

Branches:
Dungeon (3/15)

Altars:


Message History

You hit the orc. The orc priest barely misses you. The orc closely misses you.
You completely miss the orc. Your kick misses the orc.
The orc is moderately wounded.
You closely miss the orc priest. The orc misses you.
The orc priest closely misses you.
You hit the orc. Your kick misses the orc.
The orc is almost dead.
You closely miss the orc priest. The orc priest closely misses you.
The orc barely misses you.
You hit the orc.
You kill the orc!
You hit the orc priest. The orc priest barely misses you.
You completely miss the orc priest.
You claw the orc priest, but do no damage.
Your peck misses the orc priest.
The orc priest is moderately wounded.
The orc priest closely misses you.
You completely miss the orc priest.
The orc priest is moderately wounded.
The orc priest closely misses you.
You hit the orc priest.
The orc priest is heavily wounded.
The orc priest closely misses you.
You barely miss the orc priest. Your kick misses the orc priest.
Your peck misses the orc priest.
The orc priest is heavily wounded.
The orc priest invokes the aid of Beogh against you.
You barely resist. You closely miss the orc priest.
Your kick misses the orc priest. You peck the orc priest.
The orc priest is severely wounded.
The orc priest looks braver for a moment.
You closely miss the orc priest.
The orc priest is severely wounded.
The orc priest mumbles some strange prayers to Beogh against you.
Beogh smites you!
Ouch! That really hurt!
You die...

#################
#..(............#
##.#############.#
...# #.# #### #!#
#@# #o)..# #.##..#
#.# .# .## # . .
..


You could see an orc priest.

Vanquished Creatures
  An orc priest (D:3)
  Jessica (D:2)
  An orc wizard (D:3)
  3 adders (D:2)
  A worm (D:2)
  A dart slug (D:2)
  6 orcs (D:3)
  3 bats (D:2)
  3 endoplasms
  2 giant cockroaches (D:2)
  3 goblins
  3 hobgoblins
  A quokka (D:1)
  3 ball pythons
  6 frilled lizards
  7 kobolds
  A rat (D:1)
46 creatures vanquished.

Notes
Turn   | Place    | Note
-------+----------+-------------------------------------------
     0 | D:1      | qw the Tengu Warper began the quest for the Orb.
     0 | D:1      | Reached XP level 1. HP: 12/12 MP: 4/4
     0 | D:1      | 0 ||| qw: Version: 0.1-a-89-g26bdef1
     0 | D:1      | 0 ||| qw: Game counter: 621
     0 | D:1      | 0 ||| qw: Always use a shield: true
     0 | D:1      | 0 ||| qw: God list: Okawaru
     0 | D:1      | 0 ||| qw: Allow faded altars: false
     0 | D:1      | 0 ||| qw: Do Orc after D:15 true
     0 | D:1      | 0 ||| qw: Do second Lair branch before Depths: true
     0 | D:1      | 0 ||| qw: Lair rune preference: random
     0 | D:1      | 0 ||| qw: Plans: Normal
     0 | D:1      | 0 ||| PLANNING D:1-11
    50 | D:1      | Found a faded altar of an unknown god.
    68 | D:1      | 68 ||| Stepping ~*~*~tactically~*~*~ (stealth).
   105 | D:1      | 105 ||| Stepping ~*~*~tactically~*~*~ (stealth).
   106 | D:1      | 106 ||| Stepping ~*~*~tactically~*~*~ (stealth).
   108 | D:1      | 108 ||| Stepping ~*~*~tactically~*~*~ (stealth).
   273 | D:1      | Reached XP level 2. HP: 15/17 MP: 6/6
   321 | D:1      | Reached skill level 3 in Axes
   639 | D:1      | 639 ||| UPGRADING to +0 ring mail.
   649 | D:1      | 649 ||| DROPPING +0 leather armour.
   650 | D:1      | 650 ||| UPGRADING to ring of poison resistance.
   651 | D:1      | 651 ||| UPGRADING to +4 ring of evasion.
   652 | D:1      | 652 ||| DROPPING scroll of blinking.
   727 | D:2      | Reached XP level 3. HP: 21/21 MP: 7/7
   860 | D:2      | Noticed Jessica
   869 | D:2      | Killed Jessica
   870 | D:2      | Reached skill level 4 in Axes
  1095 | D:2      | Reached XP level 4. HP: 25/26 MP: 8/8
  1294 | D:2      | Reached skill level 5 in Axes
  1581 | D:2      | 1581 ||| UPGRADING to +2 hat.
  1586 | D:2      | 1586 ||| UPGRADING to +0 scale mail.
  1596 | D:2      | 1596 ||| DROPPING +0 ring mail.
  1597 | D:2      | 1597 ||| READING 3 scrolls labelled HIAMOZ QOZXUE.
  1598 | D:2      | 1598 ||| READING scroll labelled ZOZYSAU IPEOWU.
  1603 | D:2      | 1603 ||| DRINKING 2 sedimented pink potions.
  1604 | D:2      | 1604 ||| READING 2 scrolls of identify.
  1604 | D:2      | 1604 ||| IDENTIFYING murky white potion
  1605 | D:2      | 1605 ||| DROPPING potion of flight.
  1692 | D:3      | 1692 ||| Stepping ~*~*~tactically~*~*~ (hiding).
  1701 | D:3      | Gained mutation: Your magical nature lets you fly swiftly
                  | and evasively. [Tengu growth]
  1701 | D:3      | Reached XP level 5. HP: 30/30 MP: 9/9
  1701 | D:3      | 1701 ||| Stepping ~*~*~tactically~*~*~ (hiding).
  1710 | D:3      | 1710 ||| Stepping ~*~*~tactically~*~*~ (stealth).
  1948 | D:3      | HP: 5/30 [orc priest/+1 whip of electrocution (4)]
  1949 | D:3      | Reached skill level 6 in Axes
  1958 | D:3      | Killed from afar by an orc priest

Levels and vault maps discovered:
D:1:      amcnicky_arrival_double_pillar, layout_rooms,
          ebering_ecumenical_altar_hall
D:2:      layout_basic, kennysheep_generic_room_13, uniq_jessica
D:3:      layout_loops_ring, gammafunk_temple_overflow_elements

Skill      XL: |  1  2  3  4  5 |
---------------+----------------+-----
Axes           | 3 4 5 6 |  6.0
Fighting       | |  2.0
Throwing       | |  1.0
Armour         | |  1.1
Dodging        | |  2.1
Spellcasting   | |  2.0
Translocations | |  2.4

Action                   |  1- 3 |  4- 6 || total
-------------------------+-------+-------++-------
Melee: Hand axe          |    44 |    70 ||   114
       Kick              |     7 |    25 ||    32
       Peck              |     5 |     8 ||    13
Throw: Boomerang         |     7 |       ||     7
  Use: Scroll            |       |     3 ||     3
       Potion            |       |     1 ||     1
Armor: Leather armour    |     3 |       ||     3
       Ring mail         |     7 |     7 ||    14
       Scale mail        |       |    16 ||    16
Dodge: Dodged            |    37 |    45 ||    82

Table legend:
 A = Non-vault XP
 B = Vault XP
 C = Vault XP percentage of total XP
 D = Non-vault monster count
 E = Vault monster count
 F = Vault count percentage of total count
                 A         B        C        D         E       F
            +---------+---------+-------+---------+---------+-------
      Total |     175 |      52 |  22.9 |      43 |       3 |   6.5
            +---------+---------+-------+---------+---------+-------
        D:1 |      18 |       0 |   0.0 |      12 |       0 |   0.0
        D:2 |      58 |      52 |  47.3 |      18 |       3 |  14.3
        D:3 |      99 |       0 |   0.0 |      13 |       0 |   0.0
            +---------+---------+-------+---------+---------+-------
